 Dungeon Crawl Stone Soup version 0.19.5 (webtiles) character file.

826 Reinor the Covert (level 7, -1/37 HPs)
             Began as a Spriggan Abyssal Knight on Mar 23, 2017.
             Was a Priest of Lugonu.
             Slain by an orc wizard
             ... wielding a +0 dagger
              (4 damage)
             ... on level 5 of the Dungeon.
             The game lasted 00:16:57 (4575 turns).

Reinor the Covert (Spriggan Abyssal Knight)         Turns: 4575, Time: 00:16:58

Health: -1/37      AC: 10    Str:  3 (6)  XL:     7   Next: 64%
Magic:  10/10      EV: 19    Int: 15 (17) God:    Lugonu [***...]
Gold:   217        SH:  0    Dex: 14 (17) Spells: 0 memorised, 6 levels left

rFire  . . .     SeeInvis +     i - +0 short sword (protect)
rCold  . . .     Gourm    .     b - +0 robe
rNeg   . . .     Faith    .     (shield restricted)
rPois  .         Spirit   .     (helmet restricted)
rElec  .         Reflect  .     f - +0 cloak {+Inv}
rCorr  .         Harm     .     (gloves unavailable)
MR     +....                    (boots unavailable)
Stlth  ++++......               g - amulet of rage
                                p - +5 ring of intelligence
                                d - ring of wizardry

@: protection aura, very quick
A: unfitting armour, see invisible, dopey 1, herbivore 3, speed 3, slow
regeneration 1, slow metabolism 2, weak 1
a: Depart the Abyss, Bend Space, Banish, Renounce Religion, Evoke Berserk Rage,
Evoke Invisibility


You were on level 5 of the Dungeon.
You worshipped Lugonu.
Lugonu was most pleased with you.
You were hungry.

You visited 1 branch of the dungeon, and saw 5 of its levels.
You visited the Abyss 1 time.

You collected 217 gold pieces.

Inventory:

Hand Weapons
 a - a +1 short sword
 i - a +0 short sword of protection (weapon)
Missiles
 e - 14 poisoned needles
Armour
 b - a +0 robe (worn)
 f - a +0 cloak of invisibility (worn)
Jewellery
 d - a ring of wizardry (left hand)
 g - an amulet of rage (around neck)
 p - a +5 ring of intelligence (right hand)
Wands
 v - a wand of slowing (48/48)
Scrolls
 j - 2 scrolls of teleportation
 m - 2 scrolls of remove curse
Potions
 h - 2 potions of curing
 k - 3 potions of haste
 l - 2 potions of brilliance
 t - a potion of berserk rage {unknown}
 u - a potion of lignification
Comestibles
 c - 5 bread rations


   Skills:
 - Level 4.0 Fighting
 - Level 5.0 Short Blades
 + Level 4.8 Dodging
 - Level 8.4 Stealth
 + Level 2.7 Invocations


You had 6 spell levels left.
You didn't know any spells.

Dungeon Overview and Level Annotations

Branches:
Dungeon (5/15)
 Temple: D:4-7

Altars:
Ashenzari
Dithmenos
Okawaru
Qazlal
Trog
Uskayaw


Innate Abilities, Weirdness & Mutations

You are very small and have problems with some larger weapons.
You are too small for most types of armour.
You have supernaturally acute eyesight. (SInv)
You are a herbivore.
You cover ground extremely quickly.
You need consume almost no food.
You are dopey. (Int -2)
You regenerate slowly when monsters are visible.
You are weak. (Str -2)


Message History

You hit the orc wizard but do no damage.
The orc wizard is heavily wounded.
The orc wizard closely misses you.
You hit the orc wizard.
The orc wizard is heavily wounded.
The orc wizard hits you with a dagger.
* * * LOW HITPOINT WARNING * * *
You hit the orc wizard but do no damage.
The orc wizard is heavily wounded.
The orc wizard mumbles some strange words.
The orc wizard seems to speed up.
The orc wizard mumbles some strange words.
The orc wizard blinks!
You closely miss the orc wizard.
The orc wizard is heavily wounded.
The orc wizard misses you.
You hit the orc wizard but do no damage.
The orc wizard is heavily wounded.
The orc wizard hits you with a dagger.
You die...

# ## .###.. .
...#.# #. ##.#.#.#
. #.##.##.#.# #
..#....#....# ###
#..........##
###..
#....:....ยง######
# #....
#..........ooo@.#
#.#.###....
#....#....#####.#
#......._.
#....###.#.# #.#
#...<.... ......
...#?# #.#
#.#######...
##...######.# #.#
#.# ##.) ##[# #.#
#.# #.# ### #. #.#
#.# #.##########
#. #.# #.#
#.##........ ##.##
#.##.#######


You could see an orc wizard and 2 orcs.

Vanquished Creatures
  Sigmund (D:3)
  The ghost of Denreik the Poker, an amateur FoCK of Xom (D:4)
  A centaur (D:3)
  A crimson imp (D:5)
  A hound (D:4)
  3 orc wizards
  A centaur skeleton (D:4)
  Jessica (D:2)
  Natasha (thrice) (D:2)
  An iguana (D:4)
  2 worker ants
  Robin (D:2)
  4 gnolls (D:3)
  3 adders
  An ooze (D:4)
  A worm (D:2)
  3 leopard geckos
  10 orcs
  10 bats
  6 giant cockroaches
  14 goblins
  6 hobgoblins
  A ball python (D:3)
  2 frilled lizards
  5 kobolds
  A quokka skeleton (D:5)
  6 rats
90 creatures vanquished.

Notes
Turn   | Place    | Note
-------+----------+-------------------------------------------
     0 | Abyss:1  | Reinor the Spriggan Abyssal Knight began the quest for the Orb.
     0 | Abyss:1  | Reached XP level 1. HP: 11/11 MP: 3/3
    46 | Abyss:1  | Noticed a smoke demon
    47 | Abyss:1  | Noticed a demonic crawler
    86 | Abyss:1  | Noticed a small abomination
    89 | D:1      | Escaped the Abyss
   548 | D:1      | Reached XP level 2. HP: 6/16 MP: 4/4
   709 | D:1      | Reached skill level 1 in Stealth
   978 | D:1      | Reached skill level 2 in Stealth
  1031 | D:2      | Reached skill level 3 in Stealth
  1031 | D:2      | Reached XP level 3. HP: 19/19 MP: 5/5
  1038 | D:2      | Noticed Jessica
  1072 | D:2      | Killed Jessica
  1072 | D:2      | Reached skill level 4 in Stealth
  1167 | D:2      | Noticed Natasha
  1181 | D:2      | Killed Natasha
  1181 | D:2      | Reached skill level 5 in Stealth
  1181 | D:2      | Reached XP level 4. HP: 18/23 MP: 6/6
  1236 | D:2      | Noticed Natasha
  1253 | D:2      | Killed Natasha
  1253 | D:2      | Reached skill level 6 in Stealth
  1263 | D:2      | Found a faded altar of an unknown god.
  1289 | D:2      | Noticed Natasha
  1311 | D:2      | Killed Natasha
  1311 | D:2      | Reached ** piety under Lugonu
  1311 | D:2      | Reached XP level 5. HP: 2/27 MP: 7/7
  1731 | D:2      | Reached skill level 7 in Stealth
  1733 | D:2      | Noticed Robin
  1785 | D:2      | Killed Robin
  2141 | D:3      | Noticed Sigmund
  2170 | D:3      | Killed Sigmund
  2170 | D:3      | Reached skill level 8 in Stealth
  2170 | D:3      | Reached XP level 6. HP: 30/32 MP: 8/8
  3004 | D:4      | Found a stormy altar of Qazlal.
  3110 | D:4      | Reached XP level 7. HP: 26/37 MP: 9/9
  3225 | D:4      | Reached *** piety under Lugonu
  3792 | D:4      | Noticed Denreik's ghost (amateur FoCK)
  4064 | D:4      | Killed Denreik's ghost
  4064 | D:4      | Reached skill level 5 in Short Blades
  4316 | D:5      | Entered Level 5 of the Dungeon
  4316 | D:5      | Found an iron altar of Okawaru.
  4316 | D:5      | Found a shattered altar of Ashenzari.
  4316 | D:5      | Found a hide-covered altar of Uskayaw.
  4317 | D:5      | Found a shadowy altar of Dithmenos.
  4317 | D:5      | Found a bloodstained altar of Trog.
  4552 | D:5      | Gained mutation: You are weak. (Str -2) [potion of mutation]
  4552 | D:5      | Gained mutation: You are dopey. (Int -2) [potion of mutation]
  4552 | D:5      | Gained mutation: You regenerate slowly when monsters are visible. [potion of mutation]
  4575 | D:5      | Slain by an orc wizard

Skill      XL: |  1  2  3  4  5  6  7 |
---------------+----------------------+-----
Short Blades   | 3 5 |  5.0
Stealth        | 3 5 6 8 |  8.4
Fighting       | 3 4 |  4.0
Dodging        | 4 |  4.8
Invocations    | 2 |  2.7

Action                   |  1- 3 |  4- 6 |  7- 9 || total
-------------------------+-------+-------+-------++-------
Melee: Short sword       |   101 |   277 |   221 ||   599
  Use: Scroll            |     6 |     1 |     5 ||    12
       Potion            |       |     1 |     5 ||     6
 Stab: Sleeping          |     4 |     5 |     4 ||    13
       Distracted        |       |     1 |     2 ||     3
  Eat: Royal jelly       |       |       |     1 ||     1
Armor: Robe              |    18 |    55 |    30 ||   103
       Skin              |       |       |    52 ||    52
Dodge: Dodged            |    89 |   234 |   136 ||   459
